 Dungeon Crawl Stone Soup version 0.26.1-11-gd32895ea62 (webtiles) character file.

Game seed: 4172440877347000731

100 dtburroughs the Skirmisher (level 4, 0/41 HPs)
             Began as a Minotaur Berserker on May 7, 2021.
             Was a Believer of Trog.
             Slain by an orc priest (3 damage)
             ... on level 3 of the Dungeon.
             The game lasted 00:03:39 (2082 turns).

dtburroughs the Skirmisher (Minotaur Berserker)     Turns: 2082, Time: 00:03:39

Health: 0/41       AC:  6    Str: 22    XL:     4   Next: 47%
Magic:  3/3        EV: 11    Int:  5    God:    Trog [**....]
Gold:   196        SH:  0    Dex:  9    Spells: 3/3 levels left

rFire    . . .     SeeInvis .   a - +0 hand axe
rCold    . . .     Faith    .   (no shield)
rNeg     . . .     Spirit   .   k - +0 scale mail
rPois    .         Reflect  .   (helmet restricted)
rElec    .         Harm     .   (no cloak)
rCorr    .         Rampage  .   (no gloves)
Will     .....                  (no boots)
Stlth    ..........             (no amulet)
HPRegen  0.13/turn              (no ring)
MPRegen  0.08/turn              (no ring)

@: no status effects
A: retaliatory headbutt, horns 2
a: Renounce Religion, Berserk, Trog's Hand


You were on level 3 of the Dungeon.
You worshipped Trog.
Trog was pleased with you.
You visited 1 branch of the dungeon, and saw 3 of its levels.

You collected 196 gold pieces.

Inventory:

Hand Weapons
 a - a +0 hand axe (weapon)
Armour
 k - a +0 scale mail (worn)
Jewellery
 e - an uncursed ring of protection from fire {unknown}
 p - an uncursed ring of willpower {unknown}
 r - an uncursed ring of positive energy {unknown}
Scrolls
 c - 2 scrolls of teleportation {unknown}
 f - 4 scrolls of amnesia {unknown}
 g - 5 scrolls of identify {unknown}
 l - 2 scrolls of magic mapping {unknown}
 m - 2 scrolls of fog {unknown}
 o - a scroll of fear {unknown}
 s - a scroll of enchant armour {unknown}
Potions
 b - 2 potions of curing {unknown}
 d - a potion of ambrosia {unknown}
 h - 3 potions of berserk rage {unknown}
 i - 2 potions of degeneration {unknown}
 j - a potion of lignification {unknown}
 n - a potion of cancellation {unknown}
 q - 2 potions of brilliance {unknown}


   Skills:
 + Level 4.5 Fighting
 + Level 4.4 Axes
 + Level 3.5 Armour
 + Level 3.2 Dodging


You had 3 spell levels left.
You didn't know any spells.
Your spell library was empty.

Dungeon Overview and Level Annotations

Branches:
Dungeon (3/15)

Altars:


Innate Abilities, Weirdness & Mutations

You reflexively headbutt those who attack you in melee.
You have a pair of horns on your head.


Message History

Trog accepts your kill.
You slash the orc!
You kill the orc!
Trog accepts your kill.
Things that are here:
a +0 hand axe; an orc corpse; an orc corpse An orc comes into view.
It is wielding a +0 whip.
The orc shouts!
Things that are here:
a +0 hand axe; an orc corpse; an orc corpse An orc priest comes into view.
The orc priest shouts!
The orc priest mumbles some strange prayers to Beogh against you.
Pain shoots through your body!
* * * LOW HITPOINT WARNING * * *
The orc priest miscasts a cantrip.
The orc barely misses you.
There is a stone staircase leading up here.
The orc priest hits you.
You die...

#. #### #!.........###. ..(...#
#......o...##.. ......#
##..........#... ......#
####...............
(...#.#########.......<........##
###.#..##...................##
..................#........######
###.....#.......@#..........)....
................oo.....#.########
..........##...#.........########
..##.............................
#....#.#..#..###รท........##......
...........>.###.........##......
...........#..##.................
...........##.##.........#.......
.........#.##.##.................


You could see an orc priest and an orc.

Vanquished Creatures
  An orc priest (D:3)
  An adder (D:2)
  3 dart slugs
  A leopard gecko (D:2)
  An orc (D:3)
  A ball python (D:1)
  9 bats
  A giant cockroach (D:2)
  9 hobgoblins
  5 jackals
  A quokka (D:3)
  2 frilled lizards
  4 goblins
  6 kobolds
  4 rats
49 creatures vanquished.

Notes
Turn   | Place    | Note
-------+----------+-------------------------------------------
     0 | D:1      | dtburroughs the Minotaur Berserker began the quest for the
                  | Orb.
     0 | D:1      | Reached XP level 1. HP: 19/19 MP: 0/0
   263 | D:1      | Reached XP level 2. HP: 18/27 MP: 1/1
   843 | D:1      | Reached ** piety under Trog
  1064 | D:2      | Reached XP level 3. HP: 33/33 MP: 2/2
  1944 | D:3      | Reached XP level 4. HP: 32/41 MP: 3/3
  2073 | D:3      | HP: 2/41 [orc priest/nerve-wracking pain (13)]
  2082 | D:3      | Slain by an orc priest

Illustrated notes

Levels and vault maps discovered:
D:1:      dpeg_arrival_snail, layout_basic, minmay_split_cup_large
D:2:      layout_rooms, eino_curves_03, minmay_tripent
D:3:      layout_rooms

Skill      XL: |  1  2  3 |
---------------+----------+-----
Fighting       | 4 |  4.5
Axes           | 4 |  4.4
Armour         | 3 |  3.5
Dodging        | 3 |  3.2

Action                   |  1- 3 |  4- 6 || total
-------------------------+-------+-------++-------
Melee: Hand axe          |    80 |    13 ||    93
       Headbutt          |    12 |     1 ||    13
Armor: Animal skin       |     2 |       ||     2
       Scale mail        |    28 |     3 ||    31
Dodge: Dodged            |    60 |     3 ||    63
